TOP OF THE 1ST |
Rancho Cucamonga Quakes batting - Pitching for Stockton Ports : RHP Victor Sanchez
|
Pitching: RHP Victor Sanchez
|
|
Batting: RHB Daniel Samano
|
0-0: Ball 1-0: Ball 2-0: Called Strike 2-1: Called Strike 2-2: Foul Ball, location: 2F 2-2: Foul Ball, location: 2F 2-2: Foul Ball, location: 2F 2-2: Ground out 5-3 (Groundball, 56, EV 106.9 MPH)
|
Batting: SHB Nate Kopchak
|
0-0: Ground out 5-3 (Groundball, 5L, EV 99.4 MPH)
|
Batting: RHB Ryan Alban
|
0-0: Ball 1-0: Ball 2-0: Ball 3-0: Base on Balls
|
Batting: RHB Steve Perez
|
0-0: Fly out, F9 (Line Drive, 89M, EV 95.6 MPH)
|
Top of the 1st over - 0 runs, 0 hits, 0 errors, 1 left on base; Rancho Cucamonga 0 - Stockton 0 |
BOTTOM OF THE 1ST |
Stockton Ports batting - Pitching for Rancho Cucamonga Quakes : LHP Gavin White
|
Pitching: LHP Gavin White
|
|
Batting: RHB Matt Sherard
|
0-0: Ball 1-0: Ball 2-0: Foul Ball, location: 2F 2-1: Ground out 4-3 (Groundball, 4M, EV 98.8 MPH)
|
Batting: RHB Manny Moron
|
0-0: Ball 1-0: Called Strike 1-1: Foul Ball, location: 2F 1-2: Ball 2-2: Strikes out swinging
|
Batting: LHB Gregg Power
|
0-0: Foul Ball, location: 2F 0-1: Swinging Strike 0-2: Ball 1-2: Ball 2-2: Strikes out swinging
|
Bottom of the 1st over - 0 runs, 0 hits, 0 errors, 0 left on base; Rancho Cucamonga 0 - Stockton 0 |
TOP OF THE 2ND |
Rancho Cucamonga Quakes batting - Pitching for Stockton Ports : RHP Victor Sanchez
|
Batting: RHB Steven Romanovsky
|
0-0: Ball 1-0: Called Strike 1-1: Ball 2-1: Foul Ball, location: 2F 2-2: Fly out, F7 (Flyball, 7, EV 91.2 MPH)
|
Batting: RHB Tommie Lee
|
0-0: Swinging Strike 0-1: Ball 1-1: Foul Ball, location: 2F 1-2: Foul Ball, location: 2F 1-2: Foul Ball, location: 2F 1-2: Strikes out swinging, 2-3 out at first.
|
Batting: SHB Justin Toth
|
0-0: Foul Ball, location: 2F 0-1: Ground out 1-3 (Groundball, 15S, EV 65.0 MPH)
|
Top of the 2nd over - 0 runs, 0 hits, 0 errors, 0 left on base; Rancho Cucamonga 0 - Stockton 0 |
BOTTOM OF THE 2ND |
Stockton Ports batting - Pitching for Rancho Cucamonga Quakes : LHP Gavin White
|
Batting: RHB Scott Wiggs
|
0-0: Swinging Strike 0-1: Foul Ball, location: 2F 0-2: Ball 1-2: Strikes out swinging
|
Batting: LHB Ed Talamantes
|
0-0: Ball 1-0: Ball 2-0: Ball 3-0: Called Strike 3-1: Called Strike 3-2: Foul Ball, location: 2F 3-2: Foul Ball, location: 2F 3-2: SINGLE (Groundball, 4M, EV 103.1 MPH) (infield hit)
|
Batting: RHB Tetsuya Shinoda
|
0-0: Ball 1-0: SINGLE (Groundball, 56D, EV 97.5 MPH) Ed Talamantes to second
|
Batting: RHB Moses Brokken
|
0-0: Ball 1-0: Called Strike 1-1: Called Strike 1-2: Ball 2-2: Ball 3-2: Strikes out looking
|
Batting: RHB Travis Robinson
|
0-0: Ball 1-0: Ball 2-0: Ball 3-0: Called Strike 3-1: Base on Balls Ed Talamantes to third Tetsuya Shinoda to second
|
Batting: LHB Felipe Gomez
|
0-0: Ball 1-0: Ball 2-0: Fly out, F8 (Flyball, 8RM, EV 79.4 MPH)
|
Bottom of the 2nd over - 0 runs, 2 hits, 0 errors, 3 left on base; Rancho Cucamonga 0 - Stockton 0 |
TOP OF THE 3RD |
Rancho Cucamonga Quakes batting - Pitching for Stockton Ports : RHP Victor Sanchez
|
Batting: RHB Jim Rogers
|
0-0: Ball 1-0: Foul Ball, location: 2F 1-1: Called Strike 1-2: Strikes out swinging
|
Batting: RHB Mike Dodson
|
0-0: Ball 1-0: Foul Ball, location: 2F 1-1: Foul Ball, location: 2F 1-2: Ground out 6-3 (Groundball, 6, EV 99.4 MPH)
|
Batting: RHB Daniel Samano
|
0-0: Foul Ball, location: 2F 0-1: Foul Ball, location: 2F 0-2: Ball 1-2: Reached on error, E5 (Groundball, 56, EV 104.4 MPH)
|
Batting: SHB Nate Kopchak
|
0-0: Swinging Strike Daniel Samano is caught stealing 2nd base 2-6
|
Top of the 3rd over - 0 runs, 0 hits, 1 error, 0 left on base; Rancho Cucamonga 0 - Stockton 0 |
BOTTOM OF THE 3RD |
Stockton Ports batting - Pitching for Rancho Cucamonga Quakes : LHP Gavin White
|
Batting: RHB Matt Sherard
|
0-0: Called Strike 0-1: Ball 1-1: Swinging Strike 1-2: SINGLE (Groundball, 56S, EV 68.1 MPH) (infield hit)
|
Batting: RHB Manny Moron
|
0-0: Grounds into double play, 6-4-3 (Groundball, 6M, EV 97.5 MPH)
|
Batting: LHB Gregg Power
|
0-0: Called Strike 0-1: Ball 1-1: Foul Ball, location: 2F 1-2: Foul Ball, location: 2F 1-2: Strikes out looking
|
Bottom of the 3rd over - 0 runs, 1 hit, 0 errors, 0 left on base; Rancho Cucamonga 0 - Stockton 0 |
TOP OF THE 4TH |
Rancho Cucamonga Quakes batting - Pitching for Stockton Ports : RHP Victor Sanchez
|
Batting: SHB Nate Kopchak
|
0-0: Ball 1-0: Called Strike 1-1: Ball 2-1: Called Strike 2-2: Foul Ball, location: 2F 2-2: DOUBLE (Flyball, 8LXD, EV 109.4 MPH)
|
Batting: RHB Ryan Alban
|
0-0: Called Strike 0-1: Ball 1-1: Foul Ball, location: 2F 1-2: Foul Ball, location: 2F 1-2: Ball 2-2: Foul Ball, location: 2F 2-2: Strikes out swinging
|
Batting: RHB Steve Perez
|
0-0: Ball 1-0: Called Strike 1-1: Fly out, F1 (Line Drive, P, EV 76.9 MPH)
|
Batting: RHB Steven Romanovsky
|
0-0: Called Strike 0-1: Ball 1-1: SINGLE (Groundball, 56D, EV 96.9 MPH) Nate Kopchak to third Runner from 3rd tries for Home, SAFE, throw by LF to home Steven Romanovsky to second
|
Batting: RHB Tommie Lee
|
0-0: Foul Ball, location: 2F 0-1: Foul Ball, location: 2F 0-2: Ball 1-2: Foul Ball, location: 2F 1-2: Fly out, F8 (Line Drive, 8RD, EV 88.1 MPH)
|
Top of the 4th over - 1 run, 2 hits, 0 errors, 1 left on base; Rancho Cucamonga 1 - Stockton 0 |
BOTTOM OF THE 4TH |
Stockton Ports batting - Pitching for Rancho Cucamonga Quakes : LHP Gavin White
|
Batting: RHB Scott Wiggs
|
0-0: Ball 1-0: Ball 2-0: Ball 3-0: Called Strike 3-1: Foul Ball, location: 2F 3-2: Foul Ball, location: 2F 3-2: Base on Balls
|
Batting: LHB Ed Talamantes
|
0-0: Ball Scott Wiggs steals 2nd base 1-0: Called Strike 1-1: Foul Ball, location: 2F 1-2: Foul Ball, location: 2F 1-2: Ball 2-2: Foul Ball, location: 2F 2-2: Foul Ball, location: 2F 2-2: Foul Ball, location: 2F 2-2: Foul Ball, location: 2F 2-2: Ball 3-2: Foul Ball, location: 2F 3-2: Fly out, F7 (Flyball, 78S, EV 96.2 MPH)
|
Pitching: RHP Nobuharu Kobayashi
|
|
Batting: RHB Tetsuya Shinoda
|
0-0: Called Strike 0-1: Foul Ball, location: 2F 0-2: Ball Passed Ball! Scott Wiggs to third 1-2: Ball 2-2: Strikes out swinging
|
Batting: RHB Moses Brokken
|
0-0: Called Strike 0-1: Ball 1-1: Ball 2-1: Foul Ball, location: 2F 2-2: Ground out 6-3 (Groundball, 56, EV 95.0 MPH)
|
Bottom of the 4th over - 0 runs, 0 hits, 0 errors, 1 left on base; Rancho Cucamonga 1 - Stockton 0 |
TOP OF THE 5TH |
Rancho Cucamonga Quakes batting - Pitching for Stockton Ports : RHP Victor Sanchez
|
Batting: SHB Justin Toth
|
0-0: Ball 1-0: Ball 2-0: Called Strike 2-1: Ball 3-1: Fly out, F7 (Flyball, 7, EV 93.8 MPH)
|
Batting: RHB Jim Rogers
|
0-0: Foul Ball, location: 2F 0-1: Ball 1-1: Called Strike 1-2: Strikes out looking
|
Batting: RHB Mike Dodson
|
0-0: Ball 1-0: Called Strike 1-1: SINGLE (Groundball, 6D, EV 105.0 MPH)
|
Batting: RHB Daniel Samano
|
0-0: Ball 1-0: Ground out 5-3 (Groundball, 56S, EV 85.6 MPH)
|
Top of the 5th over - 0 runs, 1 hit, 0 errors, 1 left on base; Rancho Cucamonga 1 - Stockton 0 |
BOTTOM OF THE 5TH |
Stockton Ports batting - Pitching for Rancho Cucamonga Quakes : RHP Nobuharu Kobayashi
|
Batting: RHB Travis Robinson
|
0-0: Called Strike 0-1: Ball 1-1: Foul Ball, location: 2F 1-2: Strikes out swinging
|
Pitching: LHP Ben Moore
|
|
Batting: LHB Felipe Gomez
|
0-0: Ball 1-0: Fly out, F7 (Line Drive, 78D, EV 92.5 MPH)
|
Batting: RHB Matt Sherard
|
0-0: Called Strike 0-1: DOUBLE (Line Drive, 9LM, EV 96.2 MPH)
|
Batting: RHB Manny Moron
|
0-0: SINGLE (Groundball, 34D, EV 97.5 MPH) Matt Sherard to third Runner from 3rd tries for Home, SAFE, throw by RF to home
|
Batting: LHB Gregg Power
|
0-0: Ball Manny Moron steals 2nd base 1-0: Foul Ball, location: 2F 1-1: Ball 2-1: Ball 3-1: SINGLE (Flyball, 78S, EV 91.9 MPH) Manny Moron to third Runner from 3rd tries for Home, SAFE, throw by CF to home Gregg Power to second
|
Batting: RHB Scott Wiggs
|
0-0: Intentional Walk
|
Batting: LHB Ed Talamantes
|
0-0: Called Strike 0-1: Swinging Strike 0-2: Strikes out swinging
|
Bottom of the 5th over - 2 runs, 3 hits, 0 errors, 2 left on base; Rancho Cucamonga 1 - Stockton 2 |
TOP OF THE 6TH |
Rancho Cucamonga Quakes batting - Pitching for Stockton Ports : RHP Victor Sanchez
|
Batting: SHB Nate Kopchak
|
0-0: Ball 1-0: Ball 2-0: SOLO HOME RUN (Flyball, 7D, EV 96.9 MPH), Distance : 368 ft
|
Pitching: LHP Bobby Carroll
|
|
Batting: RHB Ryan Alban
|
0-0: Ball 1-0: Ball 2-0: Ball 3-0: Base on Balls
|
Batting: RHB Steve Perez
|
0-0: Ball 1-0: Ball 2-0: Ball 3-0: Called Strike 3-1: Swinging Strike 3-2: Strikes out swinging Ryan Alban is caught stealing 2nd base 2-4 Batter strikes out.
|
Batting: RHB Steven Romanovsky
|
0-0: Ball 1-0: Foul Ball, location: 2F 1-1: Called Strike 1-2: Ball 2-2: Ball 3-2: Foul Ball, location: 2F 3-2: Foul Ball, location: 2F 3-2: Ground out 6-3 (Groundball, 6, EV 110.0 MPH)
|
Top of the 6th over - 1 run, 1 hit, 0 errors, 0 left on base; Rancho Cucamonga 2 - Stockton 2 |
BOTTOM OF THE 6TH |
Stockton Ports batting - Pitching for Rancho Cucamonga Quakes : LHP Ben Moore
|
Batting: RHB Tetsuya Shinoda
|
0-0: Called Strike 0-1: Foul Ball, location: 2F 0-2: SINGLE (Line Drive, 9S, EV 91.2 MPH)
|
Batting: RHB Moses Brokken
|
0-0: Called Strike 0-1: Swinging Strike 0-2: Strikes out swinging
|
Batting: RHB Travis Robinson
|
0-0: Swinging Strike 0-1: Grounds into double play, 5-4-3 (Groundball, 56, EV 111.9 MPH)
|
Bottom of the 6th over - 0 runs, 1 hit, 0 errors, 0 left on base; Rancho Cucamonga 2 - Stockton 2 |
TOP OF THE 7TH |
Rancho Cucamonga Quakes batting - Pitching for Stockton Ports : LHP Bobby Carroll
|
Batting: RHB Tommie Lee
|
0-0: Swinging Strike 0-1: Swinging Strike 0-2: Ball 1-2: Strikes out swinging
|
Batting: SHB Justin Toth
|
0-0: Ball 1-0: Foul Ball, location: 2F 1-1: Foul Ball, location: 2F 1-2: Strikes out looking
|
Batting: RHB Jim Rogers
|
0-0: Ball 1-0: Ball 2-0: Fly out, F7 (Flyball, 7, EV 85.6 MPH)
|
Top of the 7th over - 0 runs, 0 hits, 0 errors, 0 left on base; Rancho Cucamonga 2 - Stockton 2 |
BOTTOM OF THE 7TH |
Stockton Ports batting - Pitching for Rancho Cucamonga Quakes : LHP Ben Moore
|
Batting: LHB Felipe Gomez
|
0-0: Ball 1-0: Called Strike 1-1: Ball 2-1: Foul Ball, location: 2F 2-2: Foul Ball, location: 2F 2-2: Ball 3-2: Foul Ball, location: 2F 3-2: Strikes out looking
|
Batting: RHB Matt Sherard
|
0-0: Ball 1-0: Called Strike 1-1: Foul Ball, location: 2F 1-2: Foul Ball, location: 2F 1-2: Foul Ball, location: 2F 1-2: Strikes out swinging
|
Pitching: RHP Paul Schaecher
|
|
Batting: RHB Manny Moron
|
0-0: Ball 1-0: Foul Ball, location: 2F 1-1: Ball 2-1: SINGLE (Groundball, 56S, EV 67.5 MPH) (infield hit)
|
Batting: LHB Gregg Power
|
0-0: Ball 1-0: Called Strike 1-1: Called Strike Manny Moron steals 2nd base 1-2: Ball 2-2: Foul Ball, location: 2F 2-2: SINGLE (Line Drive, 8RM, EV 89.4 MPH) Manny Moron to third Runner from 3rd tries for Home, SAFE, throw by CF to home Gregg Power to second
|
Batting: RHB Scott Wiggs
|
0-0: Ball 1-0: Called Strike 1-1: Swinging Strike 1-2: Strikes out looking
|
Bottom of the 7th over - 1 run, 2 hits, 0 errors, 1 left on base; Rancho Cucamonga 2 - Stockton 3 |
TOP OF THE 8TH |
Rancho Cucamonga Quakes batting - Pitching for Stockton Ports : LHP Bobby Carroll
|
Batting: RHB Mike Dodson
|
0-0: Called Strike 0-1: Ball 1-1: Called Strike 1-2: Strikes out looking
|
Batting: RHB Daniel Samano
|
0-0: Called Strike 0-1: Foul Ball, location: 2F 0-2: Fly out, F8 (Flyball, 8LD, EV 100.6 MPH)
|
Batting: SHB Nate Kopchak
|
0-0: Ball 1-0: SINGLE (Groundball, 34S, EV 74.4 MPH) (infield hit)
|
Batting: RHB Ryan Alban
|
0-0: 2-RUN HOME RUN (Flyball, 7D, EV 95.0 MPH), Distance : 374 ft
|
Batting: RHB Steve Perez
|
0-0: Ball 1-0: Ball 2-0: Ball 3-0: Called Strike 3-1: Base on Balls
|
Pitching: RHP John Shutt
|
|
Batting: RHB Steven Romanovsky
|
0-0: Ball Steve Perez steals 2nd base 1-0: Foul Ball, location: 2F 1-1: Swinging Strike 1-2: Foul Ball, location: 2F 1-2: Strikes out swinging
|
Top of the 8th over - 2 runs, 2 hits, 0 errors, 1 left on base; Rancho Cucamonga 4 - Stockton 3 |
BOTTOM OF THE 8TH |
Stockton Ports batting - Pitching for Rancho Cucamonga Quakes : RHP Paul Schaecher
|
Batting: LHB Ed Talamantes
|
0-0: Ball 1-0: Ball 2-0: Called Strike 2-1: Called Strike 2-2: Foul Ball, location: 2F 2-2: Strikes out swinging
|
Pinch Hitting: LHB Alejandro Muniz
|
0-0: Ball 1-0: Ground out 4-3 (Groundball, 4, EV 88.1 MPH)
|
Batting: RHB Moses Brokken
|
0-0: Foul Ball, location: 2F 0-1: Ball 1-1: Foul Ball, location: 2F 1-2: Strikes out looking
|
Bottom of the 8th over - 0 runs, 0 hits, 0 errors, 0 left on base; Rancho Cucamonga 4 - Stockton 3 |
TOP OF THE 9TH |
Rancho Cucamonga Quakes batting - Pitching for Stockton Ports : RHP John Shutt
|
Now at 1B: Alejandro Muniz
|
|
Batting: RHB Tommie Lee
|
0-0: Foul Ball, location: 2F 0-1: Ground out 6-3 (Groundball, 6, EV 86.2 MPH)
|
Batting: SHB Justin Toth
|
0-0: Swinging Strike 0-1: Ball 1-1: Ball 2-1: Foul Ball, location: 2F 2-2: Ball 3-2: Strikes out looking
|
Batting: RHB Jim Rogers
|
0-0: Ball 1-0: Called Strike 1-1: Ground out 4-3 (Groundball, 34, EV 90.6 MPH)
|
Top of the 9th over - 0 runs, 0 hits, 0 errors, 0 left on base; Rancho Cucamonga 4 - Stockton 3 |
BOTTOM OF THE 9TH |
Stockton Ports batting - Pitching for Rancho Cucamonga Quakes : RHP Paul Schaecher
|
Pitching: RHP Jon Schau
|
|
Batting: RHB Travis Robinson
|
0-0: Ball 1-0: Ball 2-0: Called Strike 2-1: Ball 3-1: Foul Ball, location: 2F 3-2: Strikes out swinging
|
Batting: LHB Felipe Gomez
|
0-0: Ball 1-0: SINGLE (Flyball, 78S, EV 95.0 MPH)
|
Batting: RHB Matt Sherard
|
0-0: Called Strike 0-1: Ball 1-1: DOUBLE (Flyball, 78XD, EV 115.0 MPH) Felipe Gomez to third
|
Batting: RHB Manny Moron
|
0-0: Swinging Strike 0-1: Foul Ball, location: 2F 0-2: Foul Ball, location: 2F 0-2: Ball 1-2: Foul Ball, location: 2F 1-2: Foul Ball, location: 2F 1-2: Ball Wild Pitch! Felipe Gomez scores Matt Sherard to third 2-2: Foul Ball, location: 2F 2-2: Strikes out swinging
|
Batting: LHB Gregg Power
|
0-0: Intentional Walk
|
Batting: RHB Scott Wiggs
|
0-0: Swinging Strike 0-1: Ball 1-1: Swinging Strike 1-2: Ball 2-2: Foul Ball, location: 2F 2-2: Foul Ball, location: 2F 2-2: Strikes out looking
|
Bottom of the 9th over - 1 run, 2 hits, 0 errors, 2 left on base; Rancho Cucamonga 4 - Stockton 4 |
TOP OF THE 10TH |
Rancho Cucamonga Quakes batting - Pitching for Stockton Ports : RHP John Shutt
|
Pitching: RHP Charlie Shook
|
|
Batting: RHB Mike Dodson
|
0-0: Ground out 6-3 (Groundball, 4M, EV 88.8 MPH)
|
Batting: RHB Daniel Samano
|
0-0: Swinging Strike 0-1: Foul Ball, location: 2F 0-2: Ball 1-2: Ball 2-2: Strikes out looking
|
Batting: SHB Nate Kopchak
|
0-0: Ball 1-0: Ball 2-0: Fly out, F8 (Flyball, 8LM, EV 96.2 MPH)
|
Top of the 10th over - 0 runs, 0 hits, 0 errors, 0 left on base; Rancho Cucamonga 4 - Stockton 4 |
BOTTOM OF THE 10TH |
Stockton Ports batting - Pitching for Rancho Cucamonga Quakes : RHP Jon Schau
|
Pitching: RHP Adam Bucci
|
|
Batting: LHB Ed Talamantes
|
0-0: Ball 1-0: Called Strike 1-1: Ball 2-1: Ball 3-1: Called Strike 3-2: Foul Ball, location: 2F 3-2: Foul Ball, location: 2F 3-2: Ground out 4-3 (Groundball, 4, EV 90.6 MPH)
|
Batting: LHB Alejandro Muniz
|
0-0: Ball 1-0: Ground out U3 (Groundball, 34, EV 83.8 MPH)
|
Batting: RHB Moses Brokken
|
0-0: Ball 1-0: Fly out, F7 (Flyball, 78XD, EV 100.0 MPH)
|
Bottom of the 10th over - 0 runs, 0 hits, 0 errors, 0 left on base; Rancho Cucamonga 4 - Stockton 4 |
TOP OF THE 11TH |
Rancho Cucamonga Quakes batting - Pitching for Stockton Ports : RHP Charlie Shook
|
Batting: RHB Ryan Alban
|
0-0: Ball 1-0: Foul Ball, location: 2F 1-1: Ball 2-1: Swinging Strike 2-2: Ball 3-2: Fly out, F9 (Line Drive, 9S, EV 85.0 MPH)
|
Batting: RHB Steve Perez
|
0-0: Ball 1-0: Ground out 1-3 (Groundball, 13S, EV 67.5 MPH)
|
Batting: RHB Steven Romanovsky
|
0-0: Ball 1-0: SOLO HOME RUN (Flyball, 7LD, EV 96.2 MPH), Distance : 339 ft
|
Batting: RHB Tommie Lee
|
0-0: Ball 1-0: Fly out, F9 (Flyball, 9LSF, EV 89.4 MPH)
|
Top of the 11th over - 1 run, 1 hit, 0 errors, 0 left on base; Rancho Cucamonga 5 - Stockton 4 |
BOTTOM OF THE 11TH |
Stockton Ports batting - Pitching for Rancho Cucamonga Quakes : RHP Adam Bucci
|
Batting: RHB Travis Robinson
|
0-0: Ball 1-0: Ball 2-0: Ball 3-0: Called Strike 3-1: Foul Ball, location: 2F 3-2: Foul Ball, location: 2F 3-2: Strikes out swinging
|
Batting: LHB Felipe Gomez
|
0-0: Fly out, F8 (Flyball, 78M, EV 80.0 MPH)
|
Batting: RHB Matt Sherard
|
0-0: Ball 1-0: Swinging Strike 1-1: Called Strike 1-2: Foul Ball, location: 2F 1-2: Ball 2-2: Foul Ball, location: 2F 2-2: Foul Ball, location: 2F 2-2: Strikes out swinging
|
Bottom of the 11th over - 0 runs, 0 hits, 0 errors, 0 left on base; Rancho Cucamonga 5 - Stockton 4 |
|